 Dungeon Crawl Stone Soup version 0.32-a0-673-g3729bd50f8 (webtiles) character file.

Game seed: 5486932316016305730

304 nuthulu the Trooper (level 6, -4/41 HPs)
             Began as a Gargoyle Fighter on Mar 10, 2024.
             Killed from afar by a steam dragon (17 damage)
             ... with a ball of steam
             ... on level 6 of the Dungeon.
             The game lasted 00:04:33 (3279 turns).

nuthulu the Trooper (Gargoyle Fighter)              Turns: 3279, Time: 00:04:34

Health: -4/41      AC: 17    Str: 27    XL:     6   Next: 38%
Magic:  6/6        EV:  9    Int:  9    God:
Gold:   117        SH:  9    Dex:  9    Spells: 5/5 levels left

rFire   . . .        a - +0 flail (freeze)
rCold   . . .        c - +0 buckler
rNeg    + . .        b - +0 scale mail
rPois   ∞            r - +0 helmet
rElec   +            l - +2 cloak
rCorr   .            (no gloves)
SInv    .            h - +1 pair of boots
Will    .....        k - amulet of reflection Stlth
                     i - +6 ring of strength
HPRegen 0.26/turn    (no ring)
MPRegen 0.10/turn

%: reflection
@: hasted, very quick
A: sickness immunity, AC +4, negative energy resistance 1, electricity
resistance, torment resistance 1, petrification resistance
a: no special abilities


You were on level 6 of the Dungeon.
You visited 1 branch of the dungeon, and saw 6 of its levels.

You collected 117 gold pieces.

Inventory:

Hand Weapons
 a - a +0 flail of freezing (weapon)
Armour
 b - a +0 scale mail (worn)
 c - a +0 buckler (worn)
 h - a +1 pair of boots (worn)
 l - a +2 cloak (worn)
 r - a +0 helmet (worn)
Jewellery
 i - a +6 ring of strength (left hand)
 k - an amulet of reflection (around neck)
Wands
 d - a wand of flame (14)
 s - a wand of polymorph (9)
Scrolls
 e - 2 scrolls of brand weapon
Potions
 f - 2 potions of mutation
 g - 2 potions of brilliance
 j - 2 potions of curing
 m - a potion of haste
 o - a potion of ambrosia {unknown}
 p - a potion of berserk rage {unknown}
 q - a potion of magic {unknown}
 t - a potion of attraction {unknown}


   Skills:
 + Level 5.8 Fighting
 + Level 4.8 Maces & Flails
 - Level 3.2 Armour
 - Level 3.2 Shields


You had 5 spell levels left.
You didn't know any spells.
Your spell library contained the following spells:

 Spells                   Type           Power      Damage    Failure   Level
 Summon Small Mammal      Summ           0%         N/A       71%         1
 Call Canine Familiar     Summ           0%         N/A       97%         3
 Petrify                  Alch/Erth      0%         N/A       100%        4
 Summon Blazeheart Golem  Fire/Summ      0%         N/A       100%        4
 Irradiate                Conj/Alch      0%         3d11      100%        5
 Sublimation of Blood     Necr           Unusable   N/A       N/A         2

Dungeon Overview and Level Annotations

Branches:
Dungeon (7/15)
 Temple: D:4-7

Altars:
Nemelex Xobeh

Shops:
D:2 (


Innate Abilities, Weirdness & Mutations

You are immune to sickness and miasma.
Your stone body is resilient. (AC +4)
You are immune to poison.
You resist negative energy. (rN+)
You are resistant to electric shocks. (rElec)
You are resistant to unholy torment.
You are immune to petrification.


Message History

The centaur kicks you.
* * * LOW HITPOINT WARNING * * *
Unknown command.
You closely miss the steam dragon. The steam dragon breathes steam at you.
The ball of steam hits you.
* * * LOW HITPOINT WARNING * * *
You block the centaur's attack. The centaur completely misses you.
You hit the centaur but do no damage.
The centaur is heavily wounded.
You are engulfed in a cloud of scalding steam.
* * * LOW HITPOINT WARNING * * *
The centaur hits you but does no damage.
You block the centaur's attack.
The steam dragon bites you but does no damage.
The steam dragon claws you but does no damage.
You feel better.
You are engulfed in a cloud of scalding steam.
The centaur hits you but does no damage.
The centaur barely misses you.
Unknown command.
You completely miss the steam dragon.
You are engulfed in a cloud of scalding steam.
The steam dragon closely misses you.
The steam dragon claws you but does no damage.
The centaur barely misses you.
The centaur kicks you but does no damage.
Unknown command.
You hit the steam dragon but do no damage.
You are engulfed in a cloud of scalding steam.
The centaur hits you but does no damage.
The centaur kicks you but does no damage.
You block the steam dragon's attack. x2
You closely miss the steam dragon.
You are engulfed in a cloud of scalding steam.
You block the centaur's attack.
The centaur kicks you but does no damage.
The steam dragon breathes steam at you. The ball of steam hits you!
You die...

#...............
+......#.#.#.#.#
#..............
#......#.#.#.#
#.............
#......#†#.#.#>#
#####..§........
#.D#c#.#.#.#
##.@...# #######


You could see a steam dragon (catching breath) and a centaur.

Vanquished Creatures
  Blork the orc (D:4)
  Crazy Yiuf (D:2)
  2 hounds (D:4)
  Terence (D:2)
  Robin (D:3)
  3 adders
  A dart slug (D:1)
  A ribbon worm (D:3)
  An orc (D:4)
  5 ball pythons
  6 endoplasms
  3 giant cockroaches
  17 goblins
  8 hobgoblins
  4 jackals (D:1)
  A quokka (D:1)
  4 bats
  5 frilled lizards
  7 kobolds
  6 rats
78 creatures vanquished.

Vanquished Creatures (others)
  An adder (D:6)
1 creature vanquished.

Grand Total: 79 creatures vanquished

Notes
Turn   | Place    | Note
-------+----------+-------------------------------------------
     0 | D:1      | nuthulu the Gargoyle Fighter began the quest for the Orb.
     0 | D:1      | Reached XP level 1. HP: 14/14 MP: 1/1
   144 | D:1      | Reached XP level 2. HP: 14/19 MP: 2/2
   408 | D:1      | Reached XP level 3. HP: 24/24 MP: 3/3
   410 | D:1      | Reached skill level 4 in Fighting
   891 | D:2      | Noticed Terence
   897 | D:2      | Killed Terence
   898 | D:2      | Reached XP level 4. HP: 21/30 MP: 4/4
   998 | D:2      | Found a runed translucent door.
  1004 | D:2      | Noticed Crazy Yiuf
  1015 | D:2      | Killed Crazy Yiuf
  1276 | D:2      | Found Ryecan's Weapon Shop.
  1823 | D:2      | Reached XP level 5. HP: 34/34 MP: 5/5
  2271 | D:3      | Reached skill level 5 in Fighting
  2299 | D:3      | Noticed Robin
  2334 | D:3      | Killed Robin
  2974 | D:4      | Noticed Blork the orc
  2980 | D:4      | Killed Blork the orc
  2981 | D:4      | Reached XP level 6. HP: 40/40 MP: 6/6
  2990 | D:4      | Found a sparkling altar of Nemelex Xobeh.
  3169 | D:4      | You fall into a shaft and drop 3 floors!
  3170 | D:7      | Noticed an ice beast
  3220 | D:7      | Noticed a sky beast
  3246 | D:6      | Noticed a black bear
  3261 | D:6      | Noticed a steam dragon
  3279 | D:6      | Killed from afar by a steam dragon

Illustrated notes

Levels and vault maps discovered:
D:1:      dpeg_arrival_leaves_temple_mockup, layout_loops_ring,
          grunt_decor_junction
D:2:      layout_basic, serial_shops, shop, dk_vineyard_1,
          serial_park_tiny_pond, uniq_crazy_yiuf_cottage, uniq_terence
D:3:      layout_loops_ring, uniq_robin
D:4:      layout_loops_cross, lemuel_tele_altar, grunt_decor_cap,
          uniq_eustachio, uniq_blork_the_orc
D:6:      layout_basic, minmay_temple_entry_glassed_door,
          minmay_misc_feat_hallway, st_stairs_9, minmay_fractal_squares_5,
          uniq_maggie, uniq_grinder
D:7:      layout_basic, mainiacjoe_overflow_chevrons, minitemple,
          nicolae_tso_besieged_by_evil, serial_shops, shop, shop

Skill      XL: |  1  2  3  4  5 |
---------------+----------------+-----
Fighting       | 4 5 |  5.8
Maces & Flails | 3 4 |  4.8
Armour         | |  3.2
Shields        | |  3.2

Action                     |  1- 3 |  4- 6 || total
---------------------------+-------+-------++-------
  Melee: Flail             |    99 |   164 ||   263
    Use: Scroll            |     4 |     5 ||     9
         Potion            |       |     3 ||     3
 Armour: Scale mail        |    72 |   139 ||   211
  Dodge: Dodged            |    46 |    85 ||   131
  Block: Buckler           |    17 |   102 ||   119
         Reflection        |       |     3 ||     3

Table legend: (Time is in decaauts)
 A = Elapsed time spent in this place.
 B = Non-inter-level travel time spent in this place.
 C = Inter-level travel time spent in this place.
 D = Time resting spent in this place.
 E = Time spent auto-exploring this place.
 F = Levels seen in this place.
 G = Mean time per level.
                   A        B        C        D        E       F      G
               +--------+--------+--------+--------+--------+-----+--------+
         Total |   3340 |   3263 |     77 |    277 |   2149 |   6 |  556.7 |
       Dungeon |   3340 |   3263 |     77 |    277 |   2149 |   6 |  556.7 |
               +--------+--------+--------+--------+--------+-----+--------+

Top non-repeatable levels by time:
     D:2: 1364 daAuts
     D:3: 836 daAuts
     D:1: 830 daAuts
     D:4: 202 daAuts
     D:7: 76 daAuts
     D:6: 29 daAuts
